 Dungeon Sprint DCSS version 0.22.1-1-ga44c0e56f4 (webtiles) character file.

10871 MuseOD the Imperceptible (level 11, -23/56 HPs)
             Began as a Spriggan Enchanter on Sept 22, 2018.
             Was the Champion of Dithmenos.
             Shot with an arrow by a deep elf master archer (28 damage)
             ... in the Dungeon (Sprint II: "The Violet Keep of Menkaure").
             The game lasted 00:08:41 (2188 turns).

MuseOD the Imperceptible (Spriggan Enchanter)       Turns: 2188, Time: 00:08:42

Health: -23/56     AC:  2    Str:  4    XL:     11   Next: 41%
Magic:  31/31      EV: 18    Int: 20    God:    Dithmenos [******]
Gold:   1050       SH:  0    Dex: 17    Spells: 20/40 levels left

rFire    . . .     SeeInvis +   e - +1 dagger (venom)
rCold    . . .     Gourm    .   (shield restricted)
rNeg     . . .     Faith    .   b - +0 robe
rPois    .         Spirit   .   (helmet restricted)
rElec    .         Reflect  .   (no cloak)
rCorr    .         Harm     .   (gloves unavailable)
MR       +....     NoTele   +   (boots unavailable)
Stlth    ++++++++++             (no amulet)
HPRegen  0.18/turn              (no ring)
MPRegen  0.22/turn              (no ring)

@: very slightly contaminated, wreathed by umbra, very quick
A: very small, unfitting armour, see invisible, herbivore, speed 3, slow
metabolism 2
a: Shadow Step, Shadow Form, Renounce Religion


You were in the Dungeon.
You worshipped Dithmenos.
Dithmenos was exalted by your worship.
You were very hungry.

You visited 1 branch You collected 2025 gold pieces.
You spent 975 gold pieces at shops.

Inventory:

Hand Weapons
 a - a +1 dagger
 e - a +1 dagger of venom (weapon)
 k - a +4 short sword of electrocution
Armour
 b - a +0 robe (worn)
Jewellery
 f - an uncursed ring of fire {unknown}
Scrolls
 j - a scroll of blinking
Potions
 c - 4 potions of flight {unknown}
 g - a potion of haste
 h - 10 potions of magic
 i - a potion of experience {unknown}
Comestibles
 d - 2 rations


   Skills:
 - Level 5.4 Fighting
 + Level 15.2 Short Blades
 - Level 3.0 Dodging
 + Level 21.1 Stealth
 + Level 15.4 Spellcasting
 + Level 15.6 Hexes


You had 20 spell levels left.
You knew the following spells:

 Your Spells              Type           Power        Failure   Level  Hunger
a - Corona                Hex            ######.      0%          1    None
b - Ensorcelled Hibernat  Hex/Ice        #####.       1%          2    None
c - Confuse               Hex            ######..     1%          3    None
d - Dazzling Spray        Conj/Hex       #####.       1%          3    None
e - Tukima's Dance        Hex            ######..     1%          3    None
f - Invisibility          Hex            ######..     1%          6    #####..
g - Passwall              Tmut/Erth      ###.....     6%          2    None

Your spell library contained the following spells:

 Spells                   Type           Power        Failure   Level  Hunger
 Darkness                 Hex            ######....   1%          6    #####..
 Swiftness                Chrm/Air       ###.....     6%          2    None
 Passage of Golubria      Tloc           N/A          36%         4    None
 Lee's Rapid Deconstruct  Erth           ###.......   73%         5    ###....


Dungeon Overview and Level Annotations

Branches:
Dungeon (1/1)

Altars:
Cheibriados
Dithmenos
Elyvilon
Fedhas
Gozag
Hepliaklqana
Kikubaaqudgha
Makhleb
Nemelex Xobeh
Okawaru
Qazlal
Ru
Sif Muna
Trog
Uskayaw
Vehumet
Wu Jian
Xom
Yredelemnul
Zin
The Shining One
Beogh
Jiyva
Lugonu

Shops:
D (:=::==}:}:(**=!%![=[[?}=:(%

Annotations:
D exclusion: oklob plant, Kirke


Innate Abilities, Weirdness & Mutations

You are very small and have problems with some larger weapons.
You are too small for most types of armour.
You have supernaturally acute eyesight. (SInv)
You are a herbivore.
You cover ground extremely quickly.
You need to consume almost no food.


Message History

You see here a crystal ball of energy.
Okay, then.
You see here a soldier ant corpse.
You see here a soldier ant corpse.
You see here a soldier ant corpse.
You see here a club.
You open the large door.
The deep elf master archer shouts!
The deep elf master archer shoots an arrow.
The arrow misses you.
The deep elf master archer shoots an arrow.
The arrow closely misses you.
There is a large open door here.
You see here an arrow.
You close the large door, pushing everything out of the way.
You see here an arrow.
The deep elf master archer shoots an arrow.
The arrow hits you!!
Ouch! That really hurt!
You die...

###### #..§§# ###.}§}##▓
### #.†[.§§§§▓
..####+####†.§§§§§§▓
.##§.§§z..##⌠§§§§#§▓
##..§.z§§§.##)§§§#§§▓
+..z§§z§§.§.##++##88E+
##§z§zz.§§§##§.^@###E#
≈##...§.§ #e§§(^..###
≈≈#+++#+++#####...^# ##
≈≈.[.).....#÷÷'...^# k#
≈≈≈.##'##..#÷.####.# k#
≈≈≈##.#.##.####.('.##.#
≈≈≈#.###.#....#†[#...####
≈####.#÷####..#####..##.#
)[? ##.###÷###.##..#
+..#..#▓(=)%?


You could see a deep elf master archer.

Vanquished Creatures
  A yaktaur captain (D)
  A great orb of eyes (D)
  A death yak (D)
  An iron elemental (D)
  A skeletal warrior (D)
  2 unseen horrors (D)
  3 manticores (D)
  A yaktaur (D)
  5 polar bears (D)
  A hornet (D)
  5 hippogriffs (D)
  5 flying skulls (D)
  2 redbacks (D)
  3 yaks (D)
  2 wyverns (D)
  4 neqoxecs (D)
  Menkaure (D)
  3 soldier ants (D)
  5 necrophages (D)
  An iron imp (D)
  A hell rat (D)
  4 worker ants (D)
  A spectral giant cockroach (D)
  A spectral jackal (D)
55 creatures vanquished.

Vanquished Creatures (others)
  A fire dragon (D)
  A centaur warrior (D)
  An elephant (D)
  A kobold demonologist (D)
  A crocodile (D)
5 creatures vanquished.

Grand Total: 60 creatures vanquished

Notes
Turn   | Place    | Note
-------+----------+-------------------------------------------
     0 | D        | MuseOD the Spriggan Enchanter began the quest for the Orb.
     0 | D        | Reached XP level 1. HP: 9/9 MP: 5/5
     1 | D        | Noticed a worker ant
     1 | D        | Noticed a worker ant
     1 | D        | Noticed a worker ant
     1 | D        | Noticed a worker ant
     4 | D        | Noticed a hippogriff
     4 | D        | Noticed a hippogriff
     7 | D        | Noticed a necrophage
     7 | D        | Noticed a necrophage
     7 | D        | Noticed a necrophage
     7 | D        | Noticed a necrophage
    13 | D        | Killed a necrophage
    13 | D        | Reached skill level 7 in Stealth
    13 | D        | Reached XP level 2. HP: 16/16 MP: 6/6
    13 | D        | Reached XP level 3. HP: 20/20 MP: 8/8
    13 | D        | Reached XP level 4. HP: 24/24 MP: 9/9
    21 | D        | Killed a necrophage
    21 | D        | Reached skill level 9 in Stealth
    21 | D        | Reached XP level 5. HP: 29/29 MP: 10/10
    29 | D        | Killed a necrophage
    29 | D        | Reached skill level 5 in Fighting
    29 | D        | Reached skill level 10 in Stealth
    32 | D        | Killed a necrophage
    32 | D        | Reached skill level 10 in Short Blades
    32 | D        | Reached skill level 11 in Stealth
    32 | D        | Reached XP level 6. HP: 34/34 MP: 11/11
    39 | D        | Learned a level 2 spell: Ensorcelled Hibernation
    43 | D        | Learned a level 3 spell: Confuse
    47 | D        | Learned a level 3 spell: Dazzling Spray
   187 | D        | Found a glowing golden altar of the Shining One.
   187 | D        | Found an ornate altar of the Wu Jian Council.
   188 | D        | Found a shimmering altar of Xom.
   188 | D        | Found a sacrificial altar of Ru.
   189 | D        | Found a basalt altar of Yredelemnul.
   189 | D        | Found a deep blue altar of Sif Muna.
   190 | D        | Found a glowing silver altar of Zin.
   190 | D        | Found a bloodstained altar of Trog.
   190 | D        | Found an ancient bone altar of Kikubaaqudgha.
   190 | D        | Found a stormy altar of Qazlal.
   190 | D        | Found a viscous altar of Jiyva.
   191 | D        | Found a hide-covered altar of Uskayaw.
   191 | D        | Found a corrupted altar of Lugonu.
   191 | D        | Found a shadowy altar of Dithmenos.
   192 | D        | Found a radiant altar of Vehumet.
   192 | D        | Found a burning altar of Makhleb.
   192 | D        | Found a white marble altar of Elyvilon.
   193 | D        | Found a sparkling altar of Nemelex Xobeh.
   193 | D        | Found a blossoming altar of Fedhas.
   195 | D        | Found an iron altar of Okawaru.
   195 | D        | Found an opulent altar of Gozag.
   195 | D        | Found a hazy altar of Hepliaklqana.
   195 | D        | Found a snail-covered altar of Cheibriados.
   196 | D        | Found a roughly hewn altar of Beogh.
   202 | D        | Became a worshipper of Dithmenos the Shadowed
   205 | D        | Reached skill level 5 in Hexes
   320 | D        | Noticed a swamp drake
   645 | D        | Learned a level 3 spell: Tukima's Dance
   645 | D        | Noticed a yaktaur
   645 | D        | Noticed a hornet
   645 | D        | Noticed a polar bear
   646 | D        | Noticed a polar bear
   646 | D        | Noticed a polar bear
   647 | D        | Killed a polar bear
   647 | D        | Reached skill level 13 in Stealth
   647 | D        | Reached XP level 7. HP: 38/38 MP: 13/17
   653 | D        | Killed a polar bear
   653 | D        | Reached * piety under Dithmenos
   653 | D        | Reached skill level 14 in Stealth
   657 | D        | Killed a hornet
   660 | D        | Killed a polar bear
   660 | D        | Reached XP level 8. HP: 41/43 MP: 2/21
   705 | D        | Killed a yaktaur
   705 | D        | Reached ** piety under Dithmenos
   705 | D        | Reached skill level 15 in Stealth
   862 | D        | Killed a hippogriff
   862 | D        | Reached skill level 10 in Hexes
   865 | D        | Killed a hippogriff
   865 | D        | Reached skill level 10 in Spellcasting
   960 | D        | Reached skill level 16 in Stealth
   962 | D        | Reached *** piety under Dithmenos
   962 | D        | Reached XP level 9. HP: 46/46 MP: 24/24
  1075 | D        | Noticed an ice statue
  1081 | D        | Found Koosuocef's Food Emporium.
  1082 | D        | Found Amote's Gadget Emporium.
  1082 | D        | Found Venaume's Magic Scroll Shoppe.
  1088 | D        | Found Yptoode's Antique Armour Emporium.
  1088 | D        | Found Qajon's Distillery.
  1089 | D        | Found Cyhokon's Assorted Antiques.
  1089 | D        | Found Zuekamel's Antique Weapon Shoppe.
  1089 | D        | Found Coschis's Antique Weapon Shoppe.
  1089 | D        | Found Peorgh Le Her's Food Emporium.
  1090 | D        | Found Routs's Antique Armour Emporium.
  1090 | D        | Found Eguqan's Book Shoppe.
  1091 | D        | Found Gaak's Distillery.
  1093 | D        | Found Luwn's Gadget Shoppe.
  1093 | D        | Found Pine Eke's Jewellery Emporium.
  1093 | D        | Noticed Menkaure
  1093 | D        | Noticed an oklob plant
  1094 | D        | Found Voampump's Jewellery Shoppe.
  1094 | D        | Found Uffube's Book Shoppe.
  1096 | D        | Noticed a spiny frog
  1101 | D        | Bought a book of Burglary for 975 gold pieces
  1111 | D        | Noticed a spiny frog
  1115 | D        | Killed Menkaure
  1115 | D        | Reached **** piety under Dithmenos
  1123 | D        | Learned a level 6 spell: Invisibility
  1126 | D        | Learned a level 2 spell: Passwall
  1143 | D        | Noticed Kirke
  1143 | D        | Noticed a yaktaur captain
  1143 | D        | Noticed a kobold demonologist
  1144 | D        | Noticed a centaur warrior
  1145 | D        | Noticed an elephant
  1145 | D        | Noticed a skeletal warrior
  1147 | D        | Noticed a fire dragon
  1217 | D        | Killed an elephant
  1233 | D        | Killed a centaur warrior
  1236 | D        | Reached skill level 17 in Stealth
  1238 | D        | Killed a kobold demonologist
  1239 | D        | Killed a fire dragon
  1285 | D        | Killed a yaktaur captain
  1301 | D        | Reached ***** piety under Dithmenos
  1312 | D        | Killed a skeletal warrior
  1312 | D        | Reached skill level 18 in Stealth
  1312 | D        | Reached XP level 10. HP: 24/51 MP: 15/27
  1696 | D        | Noticed an unseen horror
  1696 | D        | Noticed an unseen horror
  1702 | D        | Killed an unseen horror
  1704 | D        | Killed an unseen horror
  1704 | D        | Reached skill level 19 in Stealth
  1715 | D        | Reached ****** piety under Dithmenos
  1737 | D        | Found Ukag's Antique Weapon Emporium.
  1737 | D        | Found Ucidujil's Book Shop.
  1738 | D        | Found Rorhib Xie's Book Shop.
  1738 | D        | Found Lynliula's Book Shoppe.
  1738 | D        | Found Aggipsegg's General Store.
  1738 | D        | Found Lotynoy's Jewellery Emporium.
  1738 | D        | Found Wiorykk's Jewellery Shop.
  1738 | D        | Found Ecoetaz's Jewellery Shoppe.
  1738 | D        | Found Dutwix's Gadget Boutique.
  1738 | D        | Found Edebas's Jewellery Emporium.
  1738 | D        | Found Ixziczau's Antique Armour Shop.
  1738 | D        | Found Cysmike's Book Shoppe.
  1807 | D        | Noticed a death drake
  1813 | D        | Noticed a death yak
  1815 | D        | Killed a death yak
  1821 | D        | Noticed a deep elf master archer
  2110 | D        | Noticed a manticore
  2110 | D        | Noticed a manticore
  2110 | D        | Noticed a manticore
  2110 | D        | Noticed an iron elemental
  2110 | D        | Noticed a great orb of eyes
  2112 | D        | Killed a great orb of eyes
  2112 | D        | Reached skill level 20 in Stealth
  2112 | D        | Reached XP level 11. HP: 56/56 MP: 24/30
  2114 | D        | Killed an iron elemental
  2117 | D        | Reached skill level 15 in Hexes
  2123 | D        | Reached skill level 15 in Spellcasting
  2128 | D        | Reached skill level 15 in Short Blades
  2130 | D        | Reached skill level 21 in Stealth
  2175 | D        | Noticed an electric golem
  2175 | D        | Noticed an iron golem
  2188 | D        | Shot with an arrow by a deep elf master archer

Skill      XL: |  1  2  3  4  5  6  7  8  9 10 11 |
---------------+----------------------------------+-----
Fighting       | 3 4 5 |  5.4
Short Blades   | 6 8 10 11 12 14 15 | 15.2
Stealth        | 7 9 11 13 14 16 18 20 21 | 21.1
Spellcasting   | 6 8 10 12 14 15 | 15.4
Hexes          | 6 9 10 12 14 15 | 15.6
Dodging        | |  3.0

Action                   |  1- 3 |  4- 6 |  7- 9 | 10-12 || total
-------------------------+-------+-------+-------+-------++-------
Melee: Dagger            |     4 |    23 |    95 |    30 ||   152
 Cast: Ensorcelled Hiber |       |     7 |     6 |     2 ||    15
       Confuse           |       |       |    25 |     4 ||    29
       Invisibility      |       |       |     1 |     4 ||     5
  Use: Potion            |     1 |       |     2 |     1 ||     4
 Stab: Sleeping          |       |     5 |     6 |    26 ||    37
       Confused          |       |       |    10 |       ||    10
       Invisible         |       |       |     5 |     2 ||     7
Armor: Robe              |     1 |       |     3 |     2 ||     6
Dodge: Dodged            |     1 |     9 |    51 |     7 ||    68
